Cogmind - Beta 16 @@@ ROGUE MODE // 2025.12.07 @ 05:49:58 Player: Red Box Result: Destroyed by 19-9PB(g) with Salvaging Laser Performance ------------- Evolutions (0) 0 Regions Visited (4) 800 Robots Destroyed (44) 220 Value Destroyed (1001) 1001 Prototype IDs (29) 580 Alien Tech Used (0) 0 Bonus (812) 812 TOTAL SCORE: 3413 Bonus ------- Follower Combat Kills 55 Registered with UFD 300 Met Optimus in HQ 500 Friendly Fire -43 Cogmind --------- Core Integrity 0/250 Matter 260/300 Energy 89/100 System Corruption 0% Temperature Cool (18) Movement Rolling (160) Ox4 Location -7/Scraptown Parts ------- > --- POWER (1) -------- Subdweller Power Source > --- PROPULSION (2) --- Overtuned Treads Compact Wheel > --- UTILITY (2) ------ High-capacity Storage Unit Hardened Medium Armor Plating > --- WEAPON (2) ------- Beamcaster Subdweller Shrapnel Launcher > --- INVENTORY (20) --- Cargo Legs Overtuned Huge Scrapsphere Scrap Suit Improved Cryofiber Web Disposable Heat Sink Experimental Sensor Array Medium Reactive Plating Makeshift Kinetic Plating Master Drone Bay (1/1) Overtuned Beamcaster Proton Cannon Heavy Battle Rifle Overtuned Railgun Gauss Cannon Subdweller Shrapnel Launcher Companion Sword Vortex Trap Peak State ------------ > --- POWER ------------ Subdweller Power Source > --- PROPULSION ------- Overtuned Treads Compact Wheel > --- UTILITY ---------- High-capacity Storage Unit Hardened Medium Armor Plating > --- WEAPON ----------- Beamcaster Overtuned Beamcaster > --- INVENTORY -------- Cargo Legs Overtuned Huge Scrapsphere Scrap Suit Improved Cryofiber Web Disposable Heat Sink Experimental Sensor Array Medium Reactive Plating Makeshift Kinetic Plating Master Drone Bay Proton Cannon Heavy Battle Rifle Overtuned Railgun Gauss Cannon Subdweller Shrapnel Launcher Subdweller Shrapnel Launcher Companion Sword Vortex Trap [Rating: 31] Favorites ----------- Power Subdweller Power Source Engine Subdweller Power Source Propulsion Compact Wheel Treads Spiked Treads Leg Aluminum Leg Wheel Compact Wheel Utility High-capacity Storage Unit Device V3-11A's Pendant Storage High-capacity Storage Unit Protection Hardened Medium Armor Plating Weapon Assault Rifle Energy Gun Subdweller Laser Energy Cannon Beam Cannon Ballistic Gun Assault Rifle Launcher Grenade Launcher Special Weapon Mining Laser Piercing Weapon Makeshift Spear Special Melee Weapon Datajack Build | -11 -10 -10 -10 -7 ------- Run | Yrd Mat Min Sub Scr Slots Evolved . | . . . . . Power . | . . . . . Propulsion . | . . . . . Utility . | . . . . . Weapon . | . . . . . Parts Attached 47 | 8 14 . 16 9 Power 3 | 1 1 . 1 . Engine 3 | 1 1 . 1 . Core . | . . . . . Reactor . | . . . . . Propulsion 10 | 2 2 . 4 2 Treads 6 | . 1 . 3 2 Leg 2 | 2 . . . . Wheel 2 | . 1 . 1 . Hover . | . . . . . Flight . | . . . . . Utility 11 | 2 3 . 5 1 Device 3 | 1 . . 2 . Storage 4 | 1 2 . 1 . Processor . | . . . . . Hackware . | . . . . . Protection 4 | . 1 . 2 1 Artifact . | . . . . . Weapon 23 | 3 8 . 6 6 Energy Gun 5 | . . . 2 3 Energy Cannon 2 | . 2 . . . Ballistic Gun 9 | 3 2 . 2 2 Ballistic Cannon . | . . . . . Launcher 4 | . 2 . 1 1 Special Weapon 1 | . 1 . . . Impact Weapon . | . . . . . Slashing Weapon . | . . . . . Piercing Weapon 1 | . . . 1 . Special Melee Weapon 1 | . 1 . . . Unidentified Prototypes 1 | . . . 1 . Parts Lost 3 | . . . 3 . Power 1 | . . . 1 . Propulsion 1 | . . . 1 . Utility . | . . . . . Weapon 1 | . . . 1 . Highest Loss Streak 2 | . . . 2 . To Critical Strikes . | . . . . . Average Backups 15 | 3 10 14 17 16 Power . | . . . . . Propulsion 2 | . 2 2 2 2 Utility 4 | . 2 5 4 6 Weapon 7 | 1 3 5 8 7 Tool/Special . | . . . . . Unused Backups 32 | . 2 1 7 22 Power . | . . . . . Propulsion 5 | . 1 . . 4 Utility 13 | . 1 . 2 10 Weapon 14 | . . 1 5 8 Tool/Special . | . . . . . Average Slot Usage (%) 96 | . 98 100 99 91 Engine 11 | . 14 14 13 7 Treads 11 | . 2 14 13 14 Leg 4 | . 22 . . . Wheel 11 | . 2 14 14 14 Device 6 | . 13 . 9 1 Storage 14 | . 14 14 14 14 Protection 7 | . . 14 4 11 Energy Gun 7 | . . . 12 8 Energy Cannon 3 | . 2 3 7 . Ballistic Gun 10 | . 20 15 6 8 Launcher 1 | . 1 8 . . Special Melee Weapon 3 | . . . . 9 Peak Build Rating 31 | 9 11 9 21 31 Average Rating 16 | 5 9 8 16 23 On Entrance 9 | . 9 8 9 19 Avg Prop Armor Cover (%) 12 | . 11 9 15 10 Naked Turns . | . . . . . Heaviest Build 66 | 15 32 34 60 66 Greatest Support 30 | 20 20 16 16 30 Greatest Overweight (x) 4 | 1 1 2 3 4 Average Overweight (x) 2 | . . 1 2 2 Largest Inventory Capacity 20 | 8 15 15 20 20 Average Capacity 17 | 7 11 15 18 20 Most Carried 20 | 6 15 15 20 20 Average Carried 16 | 3 10 14 18 18 Final Capacity 20 | 8 15 15 20 20 Final Carried 20 | 6 15 15 20 20 Class Distribution -------------------- 95% | Mutant Dominant Class ---------------- Mutant | -10/Materials Mutant | -10/Mines Mutant | -10/Subcaves Mutant | -7/Scraptown Resources | -11 -10 -10 -10 -7 ----------- Run | Yrd Mat Min Sub Scr Matter Collected 1707 | 316 380 56 855 100 Remotely . | . . . . . Salvage Created 1167 | 123 428 62 554 . Parts 90 | 7 47 5 31 . Haulers Intercepted 2 | . 2 . . . Recyclers Shooed . | . . . . . Parts Field Recycled . | . . . . . Retrieved Matter . | . . . . . Parts Self-Destructed 10 | . . . 10 . Prevented . | . . . . . Parts Restored 3 | . . . 3 . Broken 3 | . . . 3 . Kills | -11 -10 -10 -10 -7 ------- Run | Yrd Mat Min Sub Scr Combat Hostiles Destroyed 33 | . 16 5 12 . Guns 6 | . 5 . 1 . Cannons 8 | . . . 8 . AOE 18 | . 11 5 2 . Classes Destroyed 11 | 2 6 1 2 . Worker 1 | . . 1 . . Tunneler 2 | 2 . . . . Hauler 2 | . 2 . . . Recycler 1 | 1 . . . . Mechanic 1 | . 1 . . . Operator 1 | . 1 . . . Watcher 3 | . 3 . . . Swarmer 15 | . 12 3 . . Grunt 7 | . 4 2 1 . Sentry 1 | . . . 1 . Subdweller 10 | . . . 10 . Best Kill Streak 7 | 2 7 6 2 . Combat Bots Only 6 | . 6 5 2 . Max Kills in Single Turn 3 | 1 3 2 1 . Gunslinging . | . . . . . Exploded 3 | . 3 2 1 . Melee . | . . . . . Uniques/NPCs Destroyed . | . . . . . Combat | -11 -10 -10 -10 -7 -------- Run | Yrd Mat Min Sub Scr Hostile Shots Fired 115 | . 26 18 65 6 Missed 41 | . 12 7 20 2 Hits 74 | . 14 11 45 4 Projectile 74 | . 14 11 45 4 Critical Strikes 1 | . . . 1 . Actively Blocked 1 | . . . 1 . Damage Taken 1284 | . 133 107 975 69 Core 254 | . . 14 220 20 Absorbed by Shields . | . . . . . Redirected to Shielding 16 | . . . 16 . Ignored by Resistances 4 | . . . 4 . Regen/Repaired (Parts) 386 | . 386 . . . Core Remaining (%) 100 | 100 . . . . Volleys Fired 136 | 6 41 5 82 2 Largest 2 | 2 2 2 2 1 Hottest 120 | 40 120 50 120 75 Shots Fired 220 | 12 67 8 131 2 Gun 110 | 12 44 3 50 1 Cannon 76 | . 6 . 70 . Launcher 30 | . 13 5 11 1 Special 4 | . 4 . . . Kinetic 65 | 12 44 3 5 1 Thermal 126 | . 10 . 115 1 Explosive 29 | . 13 5 11 . Electromagnetic . | . . . . . Robot Hit Streak 25 | 3 6 9 25 . Robot Miss Streak 5 | 3 5 . 3 . Penetration Max . | . . . . . Secondary Targets . | . . . . . Shots Hit Robots 107 | 6 24 6 69 2 Core Hits 68 | 4 26 9 27 2 Critical Kills 1 | . . . 1 . Critical Parts Destroyed . | . . . . . Critical Strikes 2 | . . . 2 . Meltdown 1 | . . . 1 . Impale 1 | . . . 1 . Melee Attacks 53 | . . . 51 2 Impact . | . . . . . Slashing . | . . . . . Piercing 51 | . . . 51 . Sneak Attacks 5 | . . . 3 2 Combat Hostiles . | . . . . . Follow-up Attacks . | . . . . . Damage Inflicted 3676 | 87 1051 444 1987 107 Guns 700 | 87 282 22 309 . Cannons 732 | . 52 . 680 . Explosions 1888 | . 715 422 644 107 Melee 354 | . . . 354 . Ramming 2 | . 2 . . . Kinetic 587 | 87 282 22 89 107 Thermal 952 | . 52 . 900 . Explosive 1781 | . 715 422 644 . Electromagnetic . | . . . . . Impact . | . . . . . Slashing . | . . . . . Piercing 354 | . . . 354 . Highest Corruption . | . . . . . Average Corruption . | . . . . . Corruption Purged . | . . . . . Corruption Blocked . | . . . . . Overload Shots . | . . . . . Overflow Damage 24 | . 24 . . . Projectiles 12 | . 12 . . . Explosions 12 | . 12 . . . Melee . | . . . . . Knockbacks . | . . . . . Impact . | . . . . . Kinetic . | . . . . . Secondary . | . . . . . Self-Inflicted Damage 60 | . 23 . 37 . Shots 2 | . 1 . 1 . Rammed . | . . . . . Targets Rammed 1 | . 1 . . . Kicked 1 | . 1 . . . Crushed . | . . . . . Highest Temperature 60 | . 60 26 54 34 Average Temperature 17 | . 16 13 18 19 Received Heat Transfer 255 | . 12 42 165 36 Siege Activations . | . . . . . Martial Activations . | . . . . . Shielding Activations . | . . . . . Robots Disrupted . | . . . . . Combat Hostiles . | . . . . . Robots Corrupted . | . . . . . Combat Hostiles . | . . . . . Parts Fried . | . . . . . Impact Corruptions . | . . . . . Robots Melted 1 | . . . 1 . Combat Hostiles 1 | . . . 1 . Parts Melted 6 | . . . 6 . Heat Transferred 1829 | . 111 . 1718 . Parts Sabotaged . | . . . . . Parts Stolen . | . . . . . Parts Stripped . | . . . . . Power Chain Reactions . | . . . . . Alert | -11 -10 -10 -10 -7 ------- Run | Yrd Mat Min Sub Scr Maximum Alert Level 1 | . 1 . . . Low Security (%) 78 | 100 67 100 . . Level 1 21 | . 32 . . . Level 2 . | . . . . . Level 3 . | . . . . . Level 4 . | . . . . . Level 5 . | . . . . . High Security . | . . . . . Max Security . | . . . . . Peak Influence 285 | 5 285 135 . . Initial 83 | . . 83 . . Average 102 | 1 142 29 . . Influence Increases 896 | 15 658 143 80 . Destroy 0b10 Robot/C 480 | . 320 100 60 . Destroy 0b10 Robot/NC 55 | 15 35 5 . . Destroy Leader 90 | . 60 20 10 . Allied During Kill 10 | . . . 10 . Successful Hack 79 | . 79 . . . Select Force Hacks 30 | . 30 . . . Disable Machine 60 | . 60 . . . Destroy Structure 92 | . 74 18 . . Influence Decreases 896 | 15 443 358 80 . Entered New Map 132 | . . 132 . . Time Decay 749 | 15 443 226 65 . Lost Ally 15 | . . . 15 . Squads Dispatched 3 | . 3 . . . Investigation 3 | . 3 . . . Extermination . | . . . . . Reinforcement . | . . . . . Assault . | . . . . . Garrison . | . . . . . Intercept . | . . . . . Searches Triggered . | . . . . . Construction Impeded . | . . . . . Haulers Reinforced . | . . . . . Active Scanning Responses . | . . . . . Cargo Convoy Interrupts . | . . . . . Stealth | -11 -10 -10 -10 -7 --------- Run | Yrd Mat Min Sub Scr Distress Signals 1 | . 1 . . . Communications Jammed . | . . . . . Distress Signals . | . . . . . Times Spotted 61 | . 25 5 20 11 Peak Tracking Total 7 | . 7 3 2 6 Tactical Retreats 1 | . . . . 1 Traps | -11 -10 -10 -10 -7 ------- Run | Yrd Mat Min Sub Scr Traps Triggered 3 | . 1 . 2 . Indirectly . | . . . . . Trap Hack Attempts 74 | . 74 . . . Triggered . | . . . . . Disarmed . | . . . . . Reprogrammed 6 | . 6 . . . Reused 2 | . . . 1 1 Traps Extracted . | . . . . . Installed 2 | . . . 1 1 Triggered . | . . . . . Most Traps Carried 2 | . . 1 1 2 Machines | -11 -10 -10 -10 -7 ---------- Run | Yrd Mat Min Sub Scr Machines Disabled 6 | . 4 . 1 1 Max in Single Turn 1 | . 1 . 1 1 Machines Repaired . | . . . . . Machines Dismantled . | . . . . . Machines Sabotaged . | . . . . . Overloaded Fab Kills . | . . . . . Hacking | -11 -10 -10 -10 -7 --------- Run | Yrd Mat Min Sub Scr Machines Accessed 21 | . 11 . 2 8 Terminals 8 | . 8 . . . Fabricators . | . . . . . Repair Stations 1 | . 1 . . . Recycling Units 2 | . 2 . . . Scanalyzers . | . . . . . Garrison Access . | . . . . . Total Hacks 81 | . 35 . 5 41 Successful 69 | . 23 . 5 41 Failed 12 | . 12 . . . Catastrophic 2 | . 2 . . . Database Lockouts . | . . . . . Manual 21 | . 21 . . . Terminals 26 | . 26 . . . Fabricators . | . . . . . Repair Stations 4 | . 4 . . . Recycling Units 5 | . 5 . . . Scanalyzers . | . . . . . Garrison Access . | . . . . . Terminal Hacks 54 | . 8 . 5 41 Record 39 | . . . 4 35 Robot Analysis 8 | . 4 . . 4 Prototype ID Bank 2 | . 2 . . . Open Door 1 | . . . . 1 Terminal Index 1 | . 1 . . . Locate Traps 1 | . 1 . . . Proto ID Catalog 2 | . . . 1 1 Fabricator Hacks . | . . . . . Repair Station Hacks 4 | . 4 . . . Scan Component 2 | . 2 . . . Repair 2 | . 2 . . . Recycling Unit Hacks 1 | . 1 . . . Retrieve Components 1 | . 1 . . . Scanalyzer . | . . . . . Garrison Access Hacks . | . . . . . Unauthorized Hacks 10 | . 10 . . . Terminals 8 | . 8 . . . Assimilate 2 | . 2 . . . Operators 1 | . 1 . . . Skim 5 | . 5 . . . Fabricators . | . . . . . Repair Stations . | . . . . . Recycling Units 2 | . 2 . . . Mask 1 | . 1 . . . Tunnel 1 | . 1 . . . Scanalyzers . | . . . . . Garrison Access . | . . . . . Data Cores Recovered 1 | . 1 . . . Used . | . . . . . Hacking Detections 11 | . 11 . . . Full Trace Events 2 | . 2 . . . Feedback Events . | . . . . . Feedback Blocked . | . . . . . Robot Schematics Acquired . | . . . . . Robots Built . | . . . . . Authchips . | . . . . . Time . | . . . . . Total Robot Build Rating . | . . . . . Part Schematics Acquired . | . . . . . Parts Built . | . . . . . Authchips . | . . . . . Time . | . . . . . Total Part Build Rating . | . . . . . Part Studies Acquired . | . . . . . Parts Repaired 2 | . 2 . . . Time 52 | . 52 . . . Parts Recycled . | . . . . . Recycled Matter . | . . . . . Retrieved Matter . | . . . . . Retrieved Components 3 | . 3 . . . Parts Scanalyzed . | . . . . . Part Schematics Acquired . | . . . . . Parts Damaged . | . . . . . Bothacking | -11 -10 -10 -10 -7 ------------ Run | Yrd Mat Min Sub Scr Used RIF Installer . | . . . . . Robots Hacked 2 | . . . . 2 Non-combat . | . . . . . Combat 2 | . . . . 2 Robot Hacks Applied 2 | . . . . 2 parse_system 2 | . . . . 2 Relay Couplers Released . | . . . . . Fabnet Peak Effective % . | . . . . . Robots Rewired . | . . . . . Allies Hacked . | . . . . . Hacks Repelled . | . . . . . Allies | -11 -10 -10 -10 -7 -------- Run | Yrd Mat Min Sub Scr Total Allies 11 | . 1 2 8 . Largest Group 7 | . 1 3 7 7 Highest-Rated Group 133 | . 10 48 133 133 Highest-Rated Ally 31 | . 10 31 31 19 Total Orders 4 | . 1 2 1 . STAY 3 | . 1 1 1 . FOLLOW 1 | . . 1 . . Ally Attacks 26 | . . . 19 7 Total Damage 373 | . . . 255 118 Kills 2 | . . . 2 . Allies Corrupted . | . . . . . Allies Melted 2 | . . . 1 1 Intel | -11 -10 -10 -10 -7 ------- Run | Yrd Mat Min Sub Scr Active Infowar (turns) 2209 | 15 2194 . . . Terrain 2209 | 15 2194 . . . Robot Analysis Total 8 | . 4 . . 4 Derelict Logs Recovered 8 | . . 1 2 5 Drone Launches . | . . . . . Drone Recoveries . | . . . . . Exploration | -11 -10 -10 -10 -7 ------------- Run | Yrd Mat Min Sub Scr Turns Passed 11750 | 94 2238 1078 4117 4223 Spaces Moved 6809 | 51 1247 774 2256 2481 Core 7 | 7 . . . . Treads 244 | . . . . 244 Legs 987 | 44 943 . . . Wheels 5571 | . 304 774 2256 2237 Hover . | . . . . . Flight . | . . . . . Fastest Speed 50 | 50 115 115 115 130 Average Speed 140 | 114 131 124 138 153 Slowest Speed 240 | 190 190 130 145 240 Overloaded Moves . | . . . . . Propulsion Burnouts . | . . . . . Robots Hopped . | . . . . . Potential Cave-ins . | . . . . . Cave-ins Triggered . | . . . . . Exploration Rate (%) 77 | 4 97 99 95 94 Regions Visited 4 Branch Regions 3 Pre-discovered Areas 8 | . 4 1 1 2 Known Exits Taken 1 | . 1 . . . Unknown Exits Taken 3 | 1 . 1 1 . Scrap Searched 21 | . . 1 18 2 Spaces Dug 14 | . 11 . 3 . Terrain Destroyed 170 | . 69 33 51 17 Melee 3 | . . . 3 . Projectile 4 | . 4 . . . AOE 163 | . 65 33 48 17 Terrain Rammed . | . . . . . Walls Destroyed . | . . . . . Machines Disabled . | . . . . . Actions | -11 -10 -10 -10 -7 --------- Run | Yrd Mat Min Sub Scr Total 8681 | 71 1774 884 3046 2906 Wait 1370 | . 352 98 569 351 Move 6805 | 50 1246 773 2255 2481 Hop . | . . . . . Pick Up 79 | 6 22 3 23 25 Fast Attach 14 | 7 . . 3 4 Attach 19 | 1 6 1 5 6 Detach 5 | 1 . . . 4 Swap 59 | . 19 1 37 2 Drop 64 | . 13 3 20 28 Fire 136 | 6 41 5 82 2 Melee 53 | . . . 51 2 Ram . | . . . . . Kick 1 | . 1 . . . Crush . | . . . . . Escape Stasis . | . . . . . Rewire . | . . . . . Trap 76 | . 74 . 1 1 Miscellaneous . | . . . . . Route ------- -11/Scrapyard -10/Materials (discovered 5 exits: [*Mat x3] / *Min / *Sub) -10/Mines (discovered 4 exits: [*Mat x2] / [*Exi] / *Sub) -10/Subcaves (discovered 3 exits: [*Mat x2] / *Scr) -7/Scraptown (discovered 2 exits: [*Fac x2]) History --------- Turn | Location | Event 6 | -11/Scrapyard | Discovered new exit (range 15) 95 | -11/Scrapyard | Entered Materials 96 | -10/Materials | Met a group of wandering Federalists 173 | -10/Materials | Discovered new exit (range 5) 300 | -10/Materials | Build established: Mutant 806 | -10/Materials | Discovered new exit (range 16) 953 | -10/Materials | Discovered new exit (range 7) 1045 | -10/Materials | Discovered new exit (range 16) 1365 | -10/Materials | Discovered new exit (range 15) 1654 | -10/Materials | Learned 2 Mines zone layouts 1728 | -10/Materials | Learned 2 Mines zone layouts 1750 | -10/Materials | Learned location of 2 exits from Materials 1782 | -10/Materials | Identified exit to Mines 1791 | -10/Materials | Repaired Hcp. Storage Unit 1818 | -10/Materials | Repaired Grenade Launcher 1826 | -10/Materials | Learned location of Subcaves (-10) 2333 | -10/Materials | Entered Mines 2333 | -10/Mines | Accompanied by 1 ally 2449 | -10/Mines | Found a damaged Exp. Sensor Array with a note attached 2456 | -10/Mines | Found Prototype Device 2511 | -10/Mines | Learned location of Storage (-7) 2578 | -10/Mines | Deemed a non-threat by the Exiles lab entrance 2578 | -10/Mines | Discovered new exit (range 5) 2640 | -10/Mines | Learned Materials trap positions 2672 | -10/Mines | Found a hidden stash of uninstalled traps 2789 | -10/Mines | Discovered new exit (range 16) 2818 | -10/Mines | Discovered new exit (range 5) 3391 | -10/Mines | Discovered new exit (range 9) 3411 | -10/Mines | Entered Subcaves 3411 | -10/Subcaves | Accompanied by 3 allies 3412 | -10/Subcaves | Approached by a straggling Scientist 3416 | -10/Subcaves | Led the pair of lost Derelicts to an unsafe place 4277 | -10/Subcaves | Visited 4L-MR0's lab 4299 | -10/Subcaves | Found Cargo Legs 4441 | -10/Subcaves | Shifting Twisted Machinery released Sub. Shrapnel Launcher 4548 | -10/Subcaves | Core integrity fell below 50% 4590 | -10/Subcaves | Discovered new exit (range 6) 5051 | -10/Subcaves | Visited triangular shrine 5061 | -10/Subcaves | Found Prototype Device 5061 | -10/Subcaves | Identified V3-11A's Pendant 5066 | -10/Subcaves | Befriended Subdweller 5166 | -10/Subcaves | Befriended Subdweller 5186 | -10/Subcaves | Disturbed a concealed Subdweller 5186 | -10/Subcaves | Befriended Subdweller 5637 | -10/Subcaves | Shifting Twisted Machinery released Sub. Power Source 5638 | -10/Subcaves | Shifting Twisted Machinery released Sub. Machine Gun 6026 | -10/Subcaves | Visited Clippyterm 6030 | -10/Subcaves | Learned location of Extension (-5) 6127 | -10/Subcaves | Befriended Subdweller 6167 | -10/Subcaves | Discovered new exit (range 15) 6455 | -10/Subcaves | Shifting Twisted Machinery released Sub. Shrapnel Launcher 6467 | -10/Subcaves | Shifting Twisted Machinery released Sub. Monowheel 6583 | -10/Subcaves | Befriended Subdweller 6868 | -10/Subcaves | Learned Materials stockpile data 6885 | -10/Subcaves | Core integrity fell below 20% 7143 | -10/Subcaves | Befriended Subdweller 7153 | -10/Subcaves | Befriended Subdweller 7158 | -10/Subcaves | Befriended Subdweller 7528 | -10/Subcaves | Entered Scraptown 7528 | -7/Scraptown | Accompanied by 7 allies 7745 | -7/Scraptown | Visited Cyclists 7758 | -7/Scraptown | Heard Great Nut preacher, LISTEN AND RECITE! 7763 | -7/Scraptown | Visited TADAMA 7787 | -7/Scraptown | Visited The Evicted 7837 | -7/Scraptown | Visited Awakened 7916 | -7/Scraptown | Scanned Subdweller tech in exchange for log data 7919 | -7/Scraptown | Learned location of Armory (-3) 7920 | -7/Scraptown | Learned Research stockpile data 7922 | -7/Scraptown | Learned location of 1 exit from Research 7923 | -7/Scraptown | Learned Factory terminal intel 8115 | -7/Scraptown | Delivered V3-11A's Pendant to T0-NE2 in exchange for information 8395 | -7/Scraptown | Visited CPS Storage 8412 | -7/Scraptown | Visited Fellowship of the Rings 8438 | -7/Scraptown | Visited UFD Registry 8438 | -7/Scraptown | Registered with UFD as "Bladeeater" 8644 | -7/Scraptown | Visited Modified Component R&D 8765 | -7/Scraptown | Visited Analyses Database 8822 | -7/Scraptown | Visited Derelict Rescue Squad 8858 | -7/Scraptown | Visited Abandonware Association 8887 | -7/Scraptown | Learned abandonware demo "HACKBUD.EXE" 8887 | -7/Scraptown | Learned abandonware demo "POISON.EXE" 8942 | -7/Scraptown | Visited Scrap Suit Storage 8974 | -7/Scraptown | Visited Sword Containment 8998 | -7/Scraptown | Found Prototype Slashing Weapon 9052 | -7/Scraptown | Visited Research Penetration Think Tank 9107 | -7/Scraptown | Visited Junk Repository 9143 | -7/Scraptown | Visited Chapter 10 9262 | -7/Scraptown | Delivered Scrap Shield to a Scientist 9487 | -7/Scraptown | Found Scrap Suit 9666 | -7/Scraptown | Entered Cyclist Reading Room 9791 | -7/Scraptown | Discovered new exit (range 11) 10321 | -7/Scraptown | Visited Science Guys 10431 | -7/Scraptown | Found DRS Beacon 10519 | -7/Scraptown | Discovered new exit (range 3) 10522 | -7/Scraptown | Warned about trapping Scraptown 11131 | -7/Scraptown | Visited Shadow of the Wyrm 11308 | -7/Scraptown | Met Optimus 11308 | -7/Scraptown | Accepted into 0bPrime 11708 | -7/Scraptown | Civil war broke out across Scraptown 11714 | -7/Scraptown | Found Master Drone Bay 11751 | -7/Scraptown | Destroyed by 19-9PB(g) with Salvaging Laser Last Messages --------------- 11744_ Slug penetrates D1-NKL(R). 11744_ D1-NKL(R) destroyed. 11744_ Slug penetrates CU-YRH(R). 11744_ CU-YRH(R) destroyed. 11745_ Slug penetrates Earth. 11746_ RG-GZJ(E) destroyed. 11746_ Bolt penetrates N3-S2E(p). 11747_ Slug penetrates ID-CO0(r). 11747_ ID-CO0(r) destroyed. 11747_ Slug penetrates Optimus. 11747_ Slug penetrates HW-SYT(j). 11749_ Y2-ZOK(E) heat short circuits Ovr. Treads. 11749_ Bolt penetrates N3-S2E(p). 11749_ Bolt penetrates Machine. 11749_ Bolt penetrates N3-S2E(p). 11750_ Slug penetrates HW-SYT(j). 11750_ 64-CM5(j) destroyed. 11750_ Y2-ZOK(E) destroyed. 11751_ TM-7L7(h) misfires. 11751_ Bolt penetrates N3-S2E(p). Map ----- +----------------------------------------------------+ | | | ?????????????????????????????????????????????????? | | ?????????????????????????????????????????????????? | | ?????????????????????????????????????????????????? | | ?????????????????????????????????????????????????? | | ?????????????????????????????????????????????????? | | ?????????????????????????????????????????????????? | | ?????????????????????????????????????????????????? | | ?????????????????????????????????????????????????? | | ?????????????????????????????????????????????????? | | ?????????????????????????????????????????????????? | | ???????????????????????###### ??#????????????????? | | ?????????????????????### ;; ????????????????? | | ?????????????????????# #???????????????? | | ##############???##### ! % #???????????????? | | """##""|##"""#??## #; !